 Dungeon Crawl Stone Soup version 0.18.1-2-ga659475 (webtiles) character file.

4650 Ijustatesigmund the Nimble (level 10, -2/89 HPs)
             Began as a Minotaur Fighter on May 8, 2016.
             Was an Initiate of Cheibriados.
             Slain by a basilisk (7 damage)
             ... on level 8 of the Dungeon.
             The game lasted 00:17:15 (5394 turns).

Ijustatesigmund the Nimble (Minotaur Fighter)       Turns: 5394, Time: 00:17:15

Health: -2/89      AC: 14    Str: 23    XL:     10   Next: 20%
Magic:  9/9        EV: -3    Int:  6    God:    Cheibriados [......]
Gold:   406        SH:  0    Dex: 13    Spells: 0 memorised, 9 levels left

rFire  + . .     SeeInvis .     y - +0 hand axe (vamp)
rCold  . . .     Gourm    .     z - +3 scale mail {rN+}
rNeg   + + +     Faith    .     c - +0 shield
rPois  ∞         Spirit   .     (helmet restricted)
rElec  .         Dismiss  .     n - +1 cloak
rCorr  .         Reflect  .     j - +1 pair of gloves
SustAt .         Harm     .     (no boots)
MR     .....                    (no amulet)
Stlth  ..........               J - ring of poison resistance
                                m - ring of protection from fire

@: petrified, very slow, not resistant to hostile enchantments, extremely
unstealthy
A: retaliatory headbutt, horns 2
a: Bend Time, Renounce Religion


You were on level 8 of the Dungeon.
You worshipped Cheibriados.
Cheibriados was noncommittal.
You were not hungry.

You visited 2 branches of the dungeon, and saw 9 of its levels.

You collected 406 gold pieces.

Inventory:

Hand Weapons
 a - a +0 war axe of freezing
 y - a +0 vampiric hand axe (weapon)
 O - a +0 broad axe
Armour
 c - a +0 shield (worn)
 j - a +1 pair of gloves (worn)
 n - a +1 cloak (worn)
 z - a +3 scale mail of positive energy (worn)
Jewellery
 m - a ring of protection from fire (left hand)
 w - an uncursed ring of wizardry
 J - a ring of poison resistance (right hand)
Wands
 b - a wand of acid (8/15)
 p - a wand of slowing (6/48)
 D - a wand of acid (9/15)
Scrolls
 o - 2 scrolls of recharging
 q - 2 scrolls of enchant weapon
 x - a scroll of immolation
 C - a scroll of enchant armour
 E - a scroll of teleportation
 H - a scroll of magic mapping
 K - 5 scrolls of identify
 N - 2 scrolls of fear
Potions
 d - a potion of might
 e - a potion of heal wounds
 i - 2 potions of berserk rage
 k - 4 potions of magic
 l - a potion of cure mutation
 r - 2 potions of curing
 s - a potion of brilliance
 v - a potion of haste
 A - a potion of ambrosia {unknown}
 B - a potion of lignification {unknown}
 G - 2 potions of degeneration {unknown}
 L - a potion of agility {unknown}
Comestibles
 f - 4 bread rations
 g - 2 meat rations
 h - a slice of pizza
 t - a chunk of flesh


   Skills:
 + Level 8.3 Fighting
 - Level 7.6 Axes
 + Level 4.1 Armour
 - Level 12.7 Dodging
 + Level 3.8 Shields


You had 9 spell levels left.
You didn't know any spells.

Dungeon Overview and Level Annotations

Branches:
Dungeon (8/15)             Temple (1/1) D:7            Lair (0/8) D:8

Altars:
Ashenzari
Cheibriados
Dithmenos
Elyvilon
Fedhas
Gozag
Makhleb
Nemelex Xobeh
Okawaru
Pakellas
Qazlal
Ru
Sif Muna
Trog
Vehumet
Xom
Yredelemnul
Zin
The Shining One

Shops:
D:5 [   D:7 (


Innate Abilities, Weirdness & Mutations

You reflexively headbutt those who attack you in melee.
You have a pair of horns on your head.


Message History

The porcupine bites you.
* * * LOW HITPOINT WARNING * * *
The basilisk bites you.
* * * LOW HITPOINT WARNING * * *
The basilisk bites you.
* * * LOW HITPOINT WARNING * * *
The porcupine bites you but does no damage.
The basilisk bites you.
* * * LOW HITPOINT WARNING * * *
The basilisk gazes at you. You resist with some effort.
The porcupine bites you but does no damage.
The basilisk bites you!
* * * LOW HITPOINT WARNING * * *
The porcupine bites you!
* * * LOW HITPOINT WARNING * * *
The basilisk bites you!
* * * LOW HITPOINT WARNING * * *
The basilisk bites you!
You die...

#.....%# #......#
# #......#. .#.#
#......#. .#.#
#....... .#.#
#......###...#
#......#@....#
#YYlrl...#
#r##.....##
#####..#.÷....##
#...rYY..........
#................
#....r.....#.###.
#.....###......
#....l#...P.....


You could see 2 yaks, 2 basilisks and 2 porcupines.

Vanquished Creatures
  Pikel (D:4)
  The ghost of Bubs the Ducker, a novice KoMo (D:5)
  7 spriggans (D:5)
  A hungry ghost (D:7)
  Menkaure (D:5)
  2 water moccasins
  2 ice beasts (D:7)
  A black bear (D:6)
  3 orc warriors
  A necrophage (D:5)
  3 ogres
  A phantom (D:5)
  2 centaurs
  A crocodile (D:8)
  A big kobold (D:6)
  2 scorpions
  2 howler monkeys
  A centaur zombie (D:5)
  4 crimson imps
  A giant frog zombie (D:7)
  2 orc priests
  A jelly (D:5)
  A giant frog skeleton (D:5)
  Terence (D:3)
  An iguana (D:5)
  Natasha (twice) (D:4)
  4 orc wizards
  6 worker ants
  A hound skeleton (D:4)
  A worker ant zombie (D:6)
  4 gnolls (D:7)
  12 adders
  An adder skeleton (D:6)
  3 worms
  4 dart slugs
  6 giant geckos
  16 orcs
  A ball python (D:4)
  8 bats
  7 giant cockroaches
  4 goblins
  10 hobgoblins
  3 jackals (D:7)
  5 quokkas
  A giant gecko zombie (D:5)
  7 giant newts
  12 kobolds
  2 quokka skeletons
  7 rats
  A spectral orc (D:4)
172 creatures vanquished.

Vanquished Creatures (others)
  A giant frog (D:4)
  A hound (D:4)
  Natasha (D:4)
  A giant gecko (D:4)
4 creatures vanquished.

Grand Total: 176 creatures vanquished

Notes
Turn   | Place    | Note
--------------------------------------------------------------
     0 | D:1      | Ijustatesigmund the Minotaur Fighter began the quest for the Orb.
     0 | D:1      | Reached XP level 1. HP: 19/19 MP: 0/0
   104 | D:1      | Reached XP level 2. HP: 22/27 MP: 1/1
   678 | D:2      | Found a shimmering altar of Xom.
   764 | D:2      | Reached XP level 3. HP: 33/34 MP: 2/2
  1112 | D:2      | Reached XP level 4. HP: 31/41 MP: 3/3
  1113 | D:2      | Reached skill level 5 in Fighting
  1298 | D:2      | Found a sparkling altar of Nemelex Xobeh.
  1555 | D:3      | Found a faded altar to an unknown god.
  1849 | D:3      | Noticed Terence
  1862 | D:3      | Killed Terence
  1862 | D:3      | Reached XP level 5. HP: 48/48 MP: 4/4
  2089 | D:4      | Reached skill level 5 in Axes
  2144 | D:4      | Noticed Pikel
  2145 | D:4      | Noticed Natasha
  2152 | D:4      | Noticed a slave
  2156 | D:4      | Noticed a slave
  2160 | D:4      | Noticed a slave
  2164 | D:4      | Noticed a slave
  2170 | D:4      | Killed Pikel
  2170 | D:4      | Reached XP level 6. HP: 46/61 MP: 5/5
  2170 | D:4      | Reached XP level 7. HP: 51/67 MP: 6/6
  2208 | D:4      | Killed Natasha
  2212 | D:4      | Noticed Natasha
  2221 | D:4      | Killed Natasha
  2244 | D:4      | Found a stormy altar of Qazlal.
  2270 | D:4      | Killed Natasha
  2294 | D:4      | Found a basalt altar of Yredelemnul.
  2425 | D:5      | Entered Level 5 of the Dungeon
  2466 | D:5      | Noticed a spriggan
  2467 | D:5      | Noticed a spriggan
  2481 | D:5      | Killed a spriggan
  2481 | D:5      | Reached skill level 3 in Dodging
  2488 | D:5      | Killed a spriggan
  2488 | D:5      | Reached skill level 4 in Dodging
  2488 | D:5      | Reached XP level 8. HP: 59/74 MP: 7/7
  2510 | D:5      | Reached skill level 5 in Dodging
  2515 | D:5      | Reached skill level 6 in Dodging
  2553 | D:5      | Noticed Menkaure
  2558 | D:5      | Killed Menkaure
  2558 | D:5      | Reached skill level 7 in Dodging
  2757 | D:5      | Found a bloodstained altar of Trog.
  2780 | D:5      | Got a transparent ring mail
  2791 | D:5      | Identified the cursed +0 ring mail of the Wars {rPois rN+ Int-4} (You found it on level 5 of the Dungeon)
  2813 | D:5      | Noticed Bubs's ghost (novice KoMo)
  2837 | D:5      | Killed Bubs's ghost
  2837 | D:5      | Reached skill level 8 in Dodging
  2843 | D:5      | Reached XP level 9. HP: 64/81 MP: 8/8
  2849 | D:5      | Found Ymif's Armour Shop.
  2898 | D:5      | Reached skill level 9 in Dodging
  3115 | D:5      | Reached skill level 10 in Dodging
  3415 | D:6      | Reached skill level 11 in Dodging
  3558 | D:6      | Found a sacrificial altar of Ru.
  4339 | D:7      | Reached skill level 12 in Dodging
  4500 | D:7      | Reached XP level 10. HP: 69/88 MP: 9/9
  4587 | D:7      | Found a staircase to the Ecumenical Temple.
  4600 | Temple   | Entered the Ecumenical Temple
  4607 | Temple   | Became a worshipper of Cheibriados the Contemplative
  4826 | D:7      | Found a shadowy altar of Dithmenos.
  5138 | D:7      | Found Fityu's Weapon Shop.
  5366 | D:8      | Found a staircase to the Lair.
  5393 | D:8      | HP: 4/89 [basilisk (3)]
  5394 | D:8      | Slain by a basilisk

Skill      XL: |  1  2  3  4  5  6  7  8  9 10 |
---------------+-------------------------------+-----
Fighting       | 4 5 7 8 |  8.3
Axes           | 3 4 7 |  7.6
Dodging        | 4 8 12 | 12.7
Armour         | 4 |  4.1
Shields        | |  3.8

Action                   |  1- 3 |  4- 6 |  7- 9 | 10-12 || total
-------------------------+-------+-------+-------+-------++-------
Melee: War axe           |    95 |    79 |   307 |    17 ||   498
       Headbutt          |    12 |    13 |    46 |    27 ||    98
       Hand axe          |       |       |       |    66 ||    66
  Use: Scroll            |     8 |     6 |     6 |     2 ||    22
       Potion            |       |       |     1 |       ||     1
  Eat: Chunk             |     1 |     3 |     9 |     2 ||    15
       Fruit             |       |       |       |     4 ||     4
       Beef jerky        |       |       |       |     2 ||     2
Armor: Scale mail        |    51 |    48 |    28 |    16 ||   143
       Ring mail         |       |       |    66 |     2 ||    68
Dodge: Dodged            |    23 |    36 |   125 |    45 ||   229
Block: Shield            |    52 |    43 |   125 |    30 ||   250
